 Dungeon Crawl Stone Soup version 0.25-a0-346-g140ab784a8 (webtiles) character file.

Game seed: 8989382133344550611, levelgen mode: deterministic

15 Aggronaut the Sneak (level 2, 0/13 HPs)
             Began as a Spriggan Enchanter on Dec 31, 2019.
             Slain by a kobold
             ... wielding a +0 dagger
              (3 damage)
             ... on level 1 of the Dungeon.
             The game lasted 00:01:16 (659 turns).

Aggronaut the Sneak (Spriggan Enchanter)             Turns: 659, Time: 00:01:16

Health: 0/13       AC:  2    Str:  4    XL:     2   Next: 34%
Magic:  6/6        EV: 18    Int: 16    God:
Gold:   8          SH:  0    Dex: 16    Spells: 5/6 levels left

rFire    . . .     SeeInvis +   a - +1 dagger
rCold    . . .     Gourm    .   (shield restricted)
rNeg     . . .     Faith    .   b - +0 robe
rPois    .         Spirit   .   (helmet restricted)
rElec    .         Reflect  .   (no cloak)
rCorr    .         Harm     .   (gloves unavailable)
MR       .....                  (boots unavailable)
Stlth    +++.......             (no amulet)
HPRegen  0.04/turn              (no ring)
MPRegen  0.10/turn              (no ring)

@: very quick
A: very small, unfitting armour, see invisible, herbivore, speed 3, slow
metabolism 2
a: no special abilities


You were on level 1 of the Dungeon.
You were not hungry.

You visited 1 branch of the dungeon, and saw 1 of its levels.

You collected 8 gold pieces.

Inventory:

Hand Weapons
 a - a +1 dagger (weapon)
Armour
 b - a +0 robe (worn)
Comestibles
 d - a ration


   Skills:
 + Level 1.2 Short Blades
 + Level 3.3 Dodging
 + Level 4.8 Stealth
 + Level 2.9 Spellcasting
 + Level 4.0 Hexes


You had 5 spell levels left.
You knew the following spells:

 Your Spells              Type           Power        Failure   Level  Hunger
a - Corona                Hex            ###....      3%          1    #......

Your spell library contained the following spells:

 Spells                   Type           Power        Failure   Level  Hunger
 Confuse                  Hex            ###.....     11%         3    ###....
 Tukima's Dance           Hex            ###.....     11%         3    ###....
 Ensorcelled Hibernation  Hex/Ice        #.....       13%         2    ##.....
 Dazzling Flash           Conj/Hex       #.....       26%         3    ###....


Dungeon Overview and Level Annotations

Branches:
Dungeon (1/15)

Altars:


Innate Abilities, Weirdness & Mutations

You are very small and have problems with some larger weapons.
You are too small for most types of armour.
You have supernaturally acute eyesight. (SInv)
You are a herbivore.
You cover ground extremely quickly.
You need to consume almost no food.


Message History

You closely miss the kobold.
The kobold is moderately wounded.
The kobold completely misses you.
You closely miss the kobold.
The kobold is moderately wounded.
The kobold barely misses you.
You closely miss the kobold.
The kobold is moderately wounded.
The kobold hits you with a +0 dagger.
You barely miss the kobold.
The kobold is moderately wounded.
The kobold hits you with a +0 dagger.
You closely miss the kobold.
The kobold is moderately wounded.
The kobold hits you with a +0 dagger.
* * * LOW HITPOINT WARNING * * *
You hit the kobold but do no damage.
The kobold is moderately wounded.
The kobold hits you with a +0 dagger.
You die...

#.....#########
#.......†.....##############
#......######..............##
#.)..............K...........
##.....#######################
#.......# # #.......#
#.......########## ###
#...........K@...# #..
#.......########.# ######..
####......... .......(
.............. ######..
.#######...... #..
.#######...... #..
...#...#...... .##..
..#.##.#...... ......
.###.#........ ..[....


You could see a kobold.

Vanquished Creatures
  A dart slug (D:1)
  A ball python (D:1)
  A giant cockroach (D:1)
  2 bats (D:1)
  2 frilled lizards (D:1)
  3 goblins (D:1)
  4 kobolds (D:1)
14 creatures vanquished.

Notes
Turn   | Place    | Note
-------+----------+-------------------------------------------
     0 | D:1      | Aggronaut the Spriggan Enchanter began the quest for the
                  | Orb.
     0 | D:1      | Reached XP level 1. HP: 9/9 MP: 5/5
   153 | D:1      | Reached XP level 2. HP: 6/13 MP: 6/6
   659 | D:1      | Slain by a kobold

Levels and vault maps discovered:
D:1:      dpeg_arrival_erosion, layout_rooms, corexii_hall_statues_s,
          minmay_tripent

Skill      XL: |  1  2 |
---------------+-------+-----
Hexes          | 4 |  4.0
Short Blades   | |  1.2
Dodging        | |  3.3
Stealth        | |  4.8
Spellcasting   | |  2.9

Action                   || total
-------------------------++-------
Melee: Dagger            ||    88
  Use: Potion            ||     1
 Stab: Sleeping          ||     2
Armor: Robe              ||    11
Dodge: Dodged            ||    65

Table legend:
 A = Non-vault XP
 B = Vault XP
 C = Vault XP percentage of total XP
 D = Non-vault monster count
 E = Vault monster count
 F = Vault count percentage of total count
                 A         B        C        D         E       F
            +---------+---------+-------+---------+---------+-------
      Total |      19 |       3 |  13.6 |      12 |       2 |  14.3
            +---------+---------+-------+---------+---------+-------
        D:1 |      19 |       3 |  13.6 |      12 |       2 |  14.3
            +---------+---------+-------+---------+---------+-------
